 Dungeon Crawl Stone Soup version 0.31-a0-108-gdf935468f2 (webtiles) character file.

Game seed: 8171239666825057523

29 Esekla the Sneak (level 3, 26/26 HPs)
             Began as an Octopode Delver on May 27, 2023.
             Quit the game on level 5 of the Dungeon.
             The game lasted 00:00:49 (48 turns).

Esekla the Sneak (Octopode Delver)                    Turns: 48, Time: 00:00:49

Health: 26/26      AC:  1    Str: 11    XL:     3   Next: 16%
Magic:  3/3        EV: 13    Int: 14    God:
Gold:   10         SH:  0    Dex: 13    Spells: 2/2 levels left

rFire   . . .        a - +0 falchion
rCold   . . .        (no shield)
rNeg    . . .        (helmet restricted)
rPois   .            (no amulet)
rElec   .            (no ring)
rCorr   .            (no ring)
SInv    .            (no ring)
Will    .....        (no ring)
Stlth   +++++        (no ring)
HPRegen 0.24/turn    (no ring)
MPRegen 0.08/turn    (no ring)
                     (no ring)

%: no passive effects
@: no status effects
A: almost no armour, amphibious, 8 rings, camouflage 1, gelatinous body 1,
(nimble swimmer 1), tentacles
a: no special abilities


You were on level 5 of the Dungeon.
You visited 1 branch of the dungeon, and saw 1 of its levels.

You collected 10 gold pieces.

Inventory:

Hand Weapons
 a - a +0 falchion (weapon)
Wands
 f - a wand of digging (3)
Scrolls
 b - a scroll of fog
 c - a scroll of teleportation {unknown}
 d - a scroll of fear
Potions
 e - a potion of haste


   Skills:
 + Level 3.2 Fighting
 + Level 2.1 Long Blades
 + Level 2.0 Dodging
 + Level 7.5 Stealth


You had 2 spell levels left.
You didn't know any spells.
Your spell library was empty.

Dungeon Overview and Level Annotations

Branches:
Dungeon (5/15)
 Temple: D:4-7

Altars:
Nemelex Xobeh
The Shining One

Annotations:
D:5 Pikel


Innate Abilities, Weirdness & Mutations

You cannot wear most types of armour.
You are amphibious.
You can wear up to eight rings at the same time.
Your skin changes colour to match your surroundings (Stealth+).
Your rubbery body absorbs attacks. (AC +1, EV +1)
((You are camouflaged when in or above water. (Stealth+)))
You have tentacles for arms and can constrict up to eight enemies at once.


Message History

Pikel and 2 lemures come into view.
Pikel is wielding a +0 whip of freezing, wearing a +0 robe of positive energy and carrying a wand of iceblast (10).
You close the door.
As you read the scroll of magic mapping, it crumbles to dust.
You feel aware of your surroundings.
You sensed 2 altars.
You open the door.
Found a scroll labelled XACOOQ VOQEIR.
Found 10 gold pieces.
Found a glowing golden altar of the Shining One.
There is an open door here.
c - a scroll labelled XACOOQ VOQEIR You now have 10 gold pieces.
You enter the deep water.
You open the door.
There is an open door here.
A sleepcap comes into view.
Found 8 gold pieces and a scroll labelled RUOCOI PIUPON.
You open the door.
There is an open door here.
Found a stone staircase leading up.
A hound comes into view.
Found a stone staircase leading down.
The hound barks!
You hit the hound. You grab the hound.
The hound is moderately wounded.
You constrict the hound. The hound bites you. The hound closely misses you.
You hit the hound. You squeeze the hound.
The hound is severely wounded.
You constrict the hound. The hound barely misses you. x2
You slash the hound!
You kill the hound!
Your Stealth skill increases to level 7!
You have reached level 2!
You have reached level 3!
Your experience leads to an increase in your attributes!
Increase (S)trength, (I)ntelligence, or (D)exterity?
You feel clever. x2
As you open the door, it creaks loudly!
Found a sparkling altar of Nemelex Xobeh.
Are you sure you want to abandon this character and quit the game? (Confirm with "yes".)

***** *****,,,******
**,,,,,*,,,,,,** *,,,,,***,,**,,*
******** ##.#.,*##**,,*#,*
*~~~~~~~
#....**#.#+*,.#,*****~⌠,,,⌠~
*****#.#.##*,_.#*#.#,.,,,*~,,,,,~
..,,##.#..##*,#'#..#.##***~,,,,,,
....#......##*##@.....# *~,,,,,~
...,#.......###.......# *~⌠,,,⌠~
...,#........#..#..##.# *~~~~~~~
...,#..........#....#,***********
..###.........###.#...,,,,,,,,***
....'.............>...#***,**,,,,
...##........#.#<.....# *,**,***
#.###........#.#*#.#.## *,,,,*
#.# #.##.#####..,,,..# ******


There were no monsters in sight!

Vanquished Creatures
  A hound (D:5)
1 creature vanquished.

Notes
Turn   | Place    | Note
-------+----------+-------------------------------------------
     0 | D:5      | Esekla the Octopode Delver began the quest for the Orb.
     0 | D:5      | Reached XP level 1. HP: 16/16 MP: 1/1
     1 | D:5      | Noticed Pikel
     1 | D:5      | Noticed a lemure
     1 | D:5      | Noticed a lemure
     9 | D:5      | Found a glowing golden altar of the Shining One.
    24 | D:5      | Noticed a sleepcap
    39 | D:5      | Noticed a hound
    46 | D:5      | Killed a hound
    47 | D:5      | Reached skill level 7 in Stealth
    47 | D:5      | Reached XP level 2. HP: 21/21 MP: 2/2
    47 | D:5      | Reached XP level 3. HP: 26/26 MP: 3/3
    47 | D:5      | Found a sparkling altar of Nemelex Xobeh.
    48 | D:5      | Quit the game

Illustrated notes

Levels and vault maps discovered:
D:5:      layout_basic, mainiacjoe_overflow_six_doors_small,
          nemelex_diamond_rough_becter, kennysheep_small_square, uniq_sigmund,
          uniq_pikel

Skill      XL: |  1 |
---------------+----+-----
Stealth        | 7 |  7.5
Fighting       | |  3.2
Long Blades    | |  2.1
Dodging        | |  2.0

Action                     || total
---------------------------++-------
  Melee: Falchion          ||     3
         Constrict         ||     1
         Tentacles         ||     1
    Use: Scroll            ||     1
  Dodge: Dodged            ||     3

Table legend: (Time is in decaauts)
 A = Elapsed time spent in this place.
 B = Non-inter-level travel time spent in this place.
 C = Inter-level travel time spent in this place.
 D = Time resting spent in this place.
 E = Time spent auto-exploring this place.
 F = Levels seen in this place.
 G = Mean time per level.
                   A        B        C        D        E       F      G
               +--------+--------+--------+--------+--------+-----+--------+
         Total |     48 |     48 |      0 |      0 |      0 |   1 |   48.0 |
       Dungeon |     48 |     48 |      0 |      0 |      0 |   1 |   48.0 |
               +--------+--------+--------+--------+--------+-----+--------+

Top non-repeatable levels by time:
     D:5: 48 daAuts
